 Dungeon Crawl Stone Soup version 0.31-a0-854-g362426d53f (webtiles) character file.

Game seed: 16489537455057764601

1831 Kurtz the Cleaver (level 9, -9/99 (112) HPs)
             Began as a Naga Delver on Oct 8, 2023.
             Mangled by a wight
             ... wielding a +0 battleaxe
              (13 damage)
             ... on level 6 of the Dungeon.
             The game lasted 00:07:32 (5640 turns).

Kurtz the Cleaver (Naga Delver)                     Turns: 5640, Time: 00:07:33

HP:   -9/99 (112)   AC: 24    Str: 15    XL:     9   Next: 11%
MP:   9/9           EV:  1    Int: 11    God:
Gold: 203           SH:  9    Dex: 16    Spells: 8/8 levels left

rFire   . . .        m - +1 hand axe (venom)
rCold   . . .        l - +0 kite shield
rNeg    . . .        E - melded +0 leather armour of a sewer {Fly Will+ Str+3}
rPois   +            C - melded +0 helmet
rElec   .            (cloak currently unavailable)
rCorr   .            (gloves currently unavailable)
SInv    +            (no barding)
Will    +....        (no amulet)
Stlth   ++++         (no ring)
HPRegen 0.36/turn    (no ring)
MPRegen 0.11/turn

%: no passive effects
@: tree-form, hasted, heavily drained, very quick
A: stationary, stasis, torment immunity, boosted hp, AC +3, large, see
invisible, (deformed body), (poison resistance), (slowness 2), spit poison 1,
(naga tail 1)
a: Spit Poison


You were on level 6 of the Dungeon.
You were a tree.
You visited 2 branches of the dungeon, and saw 7 of its levels.

You collected 203 gold pieces.

Inventory:

Hand Weapons
 a - a +0 hand axe
 m - a +1 hand axe of venom (weapon)
 F - a +0 flail of holy wrath
Missiles
 i - 5 javelins
 o - 5 boomerangs
 r - 6 curare-tipped darts
 x - 2 silver javelins (quivered)
 J - 12 poisoned darts
Armour
 k - a +0 scale mail
 l - a +0 kite shield (worn)
 z - a +0 plate armour
 C - a +0 helmet (melded)
 E - the +0 leather armour of a sewer (melded) {Fly Will+ Str+3}
   (You found it on level 4 of the Dungeon)

   Str+3:     It affects your strength (+3).
   Will+:     It increases your willpower.
   Fly:       It grants you flight.
Jewellery
 I - a +4 ring of protection
Wands
 g - a wand of digging (3)
 y - a wand of iceblast (13)
 B - a wand of flame (13)
 L - a wand of charming (8)
Scrolls
 b - a scroll of vulnerability {unknown}
 c - 2 scrolls of fog
 d - a scroll of revelation
 e - 2 scrolls of fear
 j - a scroll of enchant armour {unknown}
 n - 2 scrolls of immolation {unknown}
 u - 6 scrolls of identify {unknown}
 v - 3 scrolls of poison {unknown}
 D - 3 scrolls of amnesia {unknown}
 G - a scroll of torment {unknown}
 M - a scroll of summoning {unknown}
Potions
 h - 3 potions of curing {unknown}
 p - a potion of lignification
 q - a potion of attraction {unknown}
 s - 2 potions of might {unknown}
 t - a potion of cancellation {unknown}
 w - a potion of brilliance {unknown}
 A - a potion of magic {unknown}
 H - a potion of ambrosia {unknown}
 K - a potion of heal wounds {unknown}


   Skills:
 - Level 3.0 Fighting
 * Level 11.0 Axes
 - Level 1.5 Dodging
 - Level 7.2 Stealth
 - Level 3.4 Shields


You had 8 spell levels left.
You didn't know any spells.
Your spell library contained the following spells:

 Spells                   Type           Power      Damage    Failure   Level
 Slow                     Hex            0%         N/A       73%         1
 Ensorcelled Hibernation  Hex/Ice        0%         N/A       86%         2
 Jinxbite                 Hex            0%         N/A       86%         2
 Confusing Touch          Hex            0%         N/A       97%         3
 Dazzling Flash           Conj/Hex       0%         N/A       97%         3
 Sigil of Binding         Hex            0%         N/A       97%         3
 Vampiric Draining        Necr           0%         2d6       97%         3
 Volatile Blastmotes      Fire/Tloc      0%         2d10      97%         3
 Anguish                  Hex/Necr       0%         N/A       100%        4
 Summon Forest            Summ/Tloc      0%         N/A       100%        5
 Eringya's Noxious Bog    Tmut/Pois      0%         4d6       100%        6
 Starburst                Conj/Fire      0%         6d3       100%        6
 Summon Hydra             Summ           0%         N/A       100%        7
 Maxwell's Capacitive Co  Air            0%         ∞         100%        8


Dungeon Overview and Level Annotations

Branches:
Dungeon (6/15)             Temple (1/1) D:4

Altars:
Fedhas
Hepliaklqana
Kikubaaqudgha
Makhleb
Nemelex Xobeh
Qazlal
Sif Muna
Vehumet
Wu Jian
Zin

Annotations:
D:3 exclusion: downstairs
D:4 2 transporters, 1 exclusion, ShangFenghuang's ghost, novice BaSu


Innate Abilities, Weirdness & Mutations

You are a tree.
Your roots penetrate the ground, keeping you stationary.
You cannot be teleported.
You are immune to unholy pain and torment.
Your maximum health is greatly increased.
Your equipment is partially melded.
((Your serpentine skin is tough. (AC +3)))
You have supernaturally acute eyesight. (SInv)
((Armour fits poorly on your strangely shaped body.))
((Your system is resistant to poisons. (rPois)))
((You cover ground very slowly.))
You can spit poison.
((You have a snake-like lower body.))


Message History

The wight is severely damaged.
You block the wight's attack.
You closely miss the wight.
The wight is severely damaged.
You block the wight's attack.
You barely miss the wight.
The wight is severely damaged.
The wight hits you with a +0 great sword!
You feel drained.
You hit the wight.
The wight is almost destroyed.
The wight hits you with a +0 great sword!
* * * LOW HITPOINT WARNING * * *
You feel drained.
* * * LOW HITPOINT WARNING * * *
You are too injured to fight recklessly!
You hit the wight.
You destroy the wight!
Your Axes skill increases to level 11!
Unknown command.
You are too injured to fight recklessly!
You are too injured to fight recklessly!
Throw: 3 javelins (silver)
Press: ? - help, Q - select action, (/) - cycle Shift-Dir - straight line, f/p - wight
Aim: a wight, wielding a +0 battleaxe and wearing a +0 robe (heavily damaged, 57% to hit)
You throw a silver javelin.
The silver javelin barely misses the wight.
The wight barely misses you.
You feel yourself speed up. The wight hits you with a +0 battleaxe!
* * * LOW HITPOINT WARNING * * *
You hit the wight.
The wight is almost destroyed.
You block the wight's attack.
Unknown command.
It was a potion of lignification.
You turn into a tree.
Your +0 helmet melds into your body.
The +0 leather armour of a sewer {Fly Will+ Str+3} melds into your body.
You float gracefully downwards.
Your roots penetrate the ground.
The wight hits you with a +0 battleaxe!
You die...

### #..# #..# #..#
#..# #..# #..########
#..........
#.##########.########
#.((?...z♣...#
z..###########


You could see a wight.

Vanquished Creatures
  A two-headed ogre (D:5)
  Sigmund (D:4)
  A black bear (D:5)
  2 ogres (D:5)
  2 scorpions
  2 wights (D:6)
  6 hounds
  4 jellies
  A gnoll bouda (D:4)
  An iguana (D:5)
  A sleepcap (D:5)
  Robin (D:3)
  7 adders
  5 gnolls
  2 ufetubi
  2 worms
  2 dart slugs
  12 orcs
  4 ball pythons
  5 endoplasms
  3 giant cockroaches
  15 goblins
  11 hobgoblins
  4 jackals (D:2)
  2 kobolds
  4 quokkas
  A bat (D:2)
  5 frilled lizards
  4 rats
111 creatures vanquished.

Notes
Turn   | Place    | Note
-------+----------+-------------------------------------------
     0 | D:5      | Kurtz the Naga Delver began the quest for the Orb.
     0 | D:5      | Reached XP level 1. HP: 21/21 MP: 1/1
    16 | D:4      | Noticed Sigmund
    60 | D:4      | Noticed a gnoll bouda
   225 | D:4      | Found a transporter.
   244 | D:4      | Noticed ShangFenghuang's ghost (novice BaSu)
   301 | D:4      | Reached XP level 2. HP: 28/28 MP: 2/2
   571 | D:2      | Reached skill level 3 in Axes
   784 | D:1      | Reached XP level 3. HP: 34/34 MP: 3/3
   794 | D:1      | Reached skill level 1 in Shields
   826 | D:1      | Found a faded altar of an unknown god.
  1824 | D:2      | Reached XP level 4. HP: 32/42 MP: 4/4
  2248 | D:3      | Noticed Robin
  2269 | D:3      | Killed Robin
  2861 | D:3      | Reached XP level 5. HP: 42/49 MP: 5/5
  2963 | D:4      | Found a staircase to the Ecumenical Temple.
  3194 | D:4      | Reached skill level 4 in Axes
  3340 | D:4      | Reached XP level 6. HP: 42/56 MP: 6/6
  3422 | D:4      | Identified the +0 leather armour of a sewer {Fly Will+
                  | Str+3}
  3632 | D:4      | Found a transporter.
  4056 | D:5      | Reached skill level 5 in Axes
  4329 | D:5      | Reached skill level 6 in Axes
  4329 | D:5      | Reached XP level 7. HP: 56/62 MP: 7/7
  4723 | D:5      | Noticed a two-headed ogre
  4739 | D:5      | Killed a two-headed ogre
  4740 | D:5      | Reached skill level 9 in Axes
  4740 | D:5      | Reached XP level 8. HP: 12/69 MP: 8/8
  5103 | D:5      | Reached skill level 10 in Axes
  5346 | D:4      | Killed Sigmund
  5347 | D:4      | Reached XP level 9. HP: 59/75 MP: 9/9
  5365 | Temple   | Entered the Ecumenical Temple
  5637 | D:6      | Reached skill level 11 in Axes
  5638 | D:6      | HP: 2/66 [wight/+0 battleaxe (10)]
  5640 | D:6      | Mangled by a wight

Illustrated notes

Levels and vault maps discovered:
D:1:      dpeg_arrival_oval, layout_rooms, shapermc_ecumenical_altar_acropolis,
          glass_columns_b, corexii_item_surrounded_by_moat
D:2:      minmay_chambers_of_ones, layout_loops_ring
D:3:      layout_basic, st_stairs_13, uniq_robin
D:4:      layout_loops_ring, minmay_temple_entry_trees,
          gammafunk_ghost_gnarly_gnolls, uniq_sigmund
D:5:      cheibrodos_barr_body, layout_cave_pods
D:6:      layout_loops_ring
Temple:   hellmonk_temple_rainy

Skill      XL: |  1  2  3  4  5  6  7  8  9 |
---------------+----------------------------+-----
Axes           | 3 4 6 9 10 11 | 11.0
Shields        | 2 3 |  3.4
Fighting       | |  3.0
Dodging        | |  1.5
Stealth        | |  7.2

Action                     |  1- 3 |  4- 6 |  7- 9 || total
---------------------------+-------+-------+-------++-------
  Melee: Hand axe          |   102 |   157 |    90 ||   349
         Punch             |     1 |       |       ||     1
  Throw: Javelin           |       |     4 |     8 ||    12
         Dart              |       |       |     2 ||     2
         Throwing net      |       |       |     1 ||     1
Ability: Spit Poison       |     1 |     6 |     7 ||    14
    Use: Potion            |       |       |     2 ||     2
   Stab: Sleeping          |     9 |     4 |     4 ||    17
         Distracted        |     1 |       |       ||     1
 Armour: Leather armour    |    30 |    21 |    47 ||    98
         Scale mail        |    47 |    74 |       ||   121
         Skin              |       |       |     1 ||     1
  Dodge: Dodged            |    43 |    46 |    19 ||   108
  Block: Kite shield       |    12 |    68 |    36 ||   116

Table legend: (Time is in decaauts)
 A = Elapsed time spent in this place.
 B = Non-inter-level travel time spent in this place.
 C = Inter-level travel time spent in this place.
 D = Time resting spent in this place.
 E = Time spent auto-exploring this place.
 F = Levels seen in this place.
 G = Mean time per level.
                   A        B        C        D        E       F      G
               +--------+--------+--------+--------+--------+-----+--------+
         Total |   7369 |   6562 |    807 |    643 |   4513 |   7 | 1052.7 |
       Dungeon |   7356 |   6557 |    799 |    643 |   4513 |   6 | 1226.0 |
        Temple |     12 |      5 |      7 |      0 |      0 |   1 |   12.0 |
               +--------+--------+--------+--------+--------+-----+--------+

Top non-repeatable levels by time:
     D:5: 1639 daAuts
     D:3: 1587 daAuts
     D:4: 1573 daAuts
     D:2: 1401 daAuts
     D:1: 792 daAuts
     D:6: 363 daAuts
  Temple: 12 daAuts
